 Dungeon Crawl Stone Soup version 0.29-a0-817-g9904bce7a6 (webtiles) character file.

Game seed: 6758571483897179451

119 pericles the Shield-Bearer (level 5, -3/47 HPs)
             Began as a Gnoll Fighter on July 5, 2022.
             Was a Believer of Trog.
             Killed by divine providence
             ... invoked by an orc priest
              (10 damage)
             ... on level 3 of the Dungeon.
             The game lasted 00:07:49 (2036 turns).

pericles the Shield-Bearer (Gnoll Fighter)          Turns: 2036, Time: 00:07:49

Health: -3/47      AC:  9    Str: 21    XL:     5   Next: 3%
Magic:  7/7        EV:  9    Int:  8    God:    Trog [**....]
Gold:   71         SH: 11    Dex: 13    Spells: 6/6 levels left

rFire   . . .      SeeInvis .   a - +1 long sword
rCold   . . .      Faith    .   d - +1 kite shield
rNeg    . . .      Spirit   .   b - +0 scale mail
rPois   .          Reflect  .   g - +0 helmet
rElec   .          Harm     .   (no cloak)
rCorr   .          Rampage  .   (no gloves)
Will    .....                   (no boots)
Stlth   ..........              (no amulet)
HPRegen 0.15/turn               f - +6 ring of strength
MPRegen 0.10/turn               (no ring)

@: no status effects
A: fangs 1, strong nose, distributed training
a: Renounce Religion, Berserk, Trog's Hand


You were on level 3 of the Dungeon.
You worshipped Trog.
Trog was pleased with you.
You visited 1 branch of the dungeon, and saw 3 of its levels.

You collected 71 gold pieces.

Inventory:

Hand Weapons
 a - a +1 long sword (weapon)
 e - a +2 sling of flaming
Armour
 b - a +0 scale mail (worn)
 c - a +0 buckler
 d - a +1 kite shield (worn)
 g - a +0 helmet (worn)
Jewellery
 f - a +6 ring of strength (left hand)
Wands
 i - a wand of flame (7)
 j - a wand of paralysis (6)
Scrolls
 h - 2 scrolls of identify


   Skills:
 + Level 6.6 Fighting
 + Level 1.4 Short Blades
 + Level 4.7 Long Blades
 + Level 1.4 Axes
 + Level 1.4 Maces & Flails
 + Level 1.4 Polearms
 + Level 1.4 Staves
 + Level 1.4 Ranged Weapons
 + Level 1.4 Throwing
 + Level 6.6 Armour
 + Level 1.4 Dodging
 + Level 1.4 Stealth
 + Level 6.6 Shields
 + Level 1.4 Unarmed Combat
 + Level 1.4 Spellcasting
 + Level 1.1 Conjurations
 + Level 1.1 Hexes
 + Level 1.1 Summonings
 + Level 1.1 Necromancy
 + Level 1.1 Translocations
 + Level 1.1 Transmutations
 + Level 1.1 Fire Magic
 + Level 1.1 Ice Magic
 + Level 1.1 Air Magic
 + Level 1.1 Earth Magic
 + Level 1.1 Poison Magic
 + Level 1.5 Invocations
 + Level 1.4 Evocations


You had 6 spell levels left.
You didn't know any spells.
Your spell library was empty.

Dungeon Overview and Level Annotations

Branches:
Dungeon (3/15)

Altars:
Trog

Annotations:
D:3 1 transporter


Innate Abilities, Weirdness & Mutations

You have very sharp teeth.
Your uncanny sense of smell can sniff out nearby items.
Your experience applies equally to all skills.


Message History

Trog accepts your kill.
You can now call upon Trog for regeneration and willpower.
You have reached level 5!
Things that are here:
a +0 flail; a gnoll corpse
Things that are here:
a +0 club; a gnoll corpse
There is a transporter here.
There is a transporter here.
Found an escape hatch in the floor.
The shadow imp puffs mist at you.
The shadow imp disappears for a moment.
There is a transporter landing site here.
There is a transporter landing site here.
The shadow imp shouts, "Relinquish hope, thou errant pigeon-egg boar-pig!"
There is a transporter here.
You enter the transporter and appear at another place.
i - a wand of flame (7)
There are no items here.
As you open the door, it creaks loudly!
The shadow imp grins evilly.
The orc priest mumbles some strange prayers to Beogh against you.
Pain shoots through your body! The shadow imp gestures at you.
Pain shoots through your body!
There is an open door here.
The orc priest looks braver for a moment.
The orc priest calls down the wrath of Beogh upon you.
Beogh smites you!
The orc priest invokes the aid of Beogh against you.
Pain shoots through your body!
You enter the shallow water.
Moving in this stuff is going to be slow.
The orc priest invokes the aid of Beogh against you.
Pain shoots through your body!
* * * LOW HITPOINT WARNING * * *
The orc priest looks satisfied for a moment.
The orc priest mumbles some strange prayers to Beogh against you.
Beogh smites you!
You die...

......#)#.#
..........#################
...#
#######.#.................#
...#
....#.###############.#
...#
##.##.#8≈#.5.5...#P8#.#
...#
#..#.#P.#≈≈≈≈≈≈≈#.P#.##...#
##...#$.#..≈≈P..#..#..#...#
#..©#©[+..≈♣≈..'.©#©.)...#
##..#$.#.@≈≈≈..#..#.))...#
##.#P.#≈≈≈≈≈≈≈#.P#.######
#.#8≈#.5.oo..#P8#.#
#.###############.#
#.................#
#####....##########
....>.#.# #######.# ...


You could see 2 orc priests and 3 shadow imps.

Vanquished Creatures
  Jessica (D:2)
  3 gnolls (D:3)
  2 adders (D:2)
  10 endoplasms
  A giant cockroach (D:1)
  3 goblins
  A hobgoblin (D:2)
  5 jackals (D:1)
  3 quokkas
  3 ball pythons (D:1)
  6 bats
  4 frilled lizards
  3 kobolds
45 creatures vanquished.

Notes
Turn   | Place    | Note
-------+----------+-------------------------------------------
     0 | D:1      | pericles the Gnoll Fighter began the quest for the Orb.
     0 | D:1      | Reached XP level 1. HP: 23/23 MP: 1/1
   398 | D:1      | Reached XP level 2. HP: 19/29 MP: 2/2
   839 | D:1      | Found a faded altar of an unknown god.
   843 | D:1      | Prayed at the altar of an unknown god.
   843 | D:1      | Became a worshipper of Trog the Wrathful
   843 | D:1      | Reached * piety under Trog
  1143 | D:2      | Reached XP level 3. HP: 35/35 MP: 3/3
  1192 | D:2      | Noticed Jessica
  1200 | D:2      | Killed Jessica
  1201 | D:2      | Reached skill level 1 in Short Blades
  1201 | D:2      | Reached skill level 1 in Axes
  1201 | D:2      | Reached skill level 1 in Maces & Flails
  1201 | D:2      | Reached skill level 1 in Polearms
  1201 | D:2      | Reached skill level 1 in Staves
  1201 | D:2      | Reached skill level 1 in Ranged Weapons
  1201 | D:2      | Reached skill level 1 in Throwing
  1201 | D:2      | Reached skill level 1 in Dodging
  1201 | D:2      | Reached skill level 1 in Stealth
  1201 | D:2      | Reached skill level 1 in Unarmed Combat
  1201 | D:2      | Reached skill level 1 in Spellcasting
  1201 | D:2      | Reached skill level 1 in Invocations
  1201 | D:2      | Reached skill level 1 in Evocations
  1201 | D:2      | Reached XP level 4. HP: 40/41 MP: 5/5
  1387 | D:2      | Reached skill level 1 in Conjurations
  1387 | D:2      | Reached skill level 1 in Hexes
  1387 | D:2      | Reached skill level 1 in Summonings
  1387 | D:2      | Reached skill level 1 in Necromancy
  1387 | D:2      | Reached skill level 1 in Translocations
  1387 | D:2      | Reached skill level 1 in Transmutations
  1387 | D:2      | Reached skill level 1 in Fire Magic
  1387 | D:2      | Reached skill level 1 in Ice Magic
  1387 | D:2      | Reached skill level 1 in Air Magic
  1387 | D:2      | Reached skill level 1 in Earth Magic
  1387 | D:2      | Reached skill level 1 in Poison Magic
  1915 | D:3      | Found a transporter.
  1932 | D:3      | Found a transporter.
  1964 | D:3      | Reached ** piety under Trog
  1965 | D:3      | Reached XP level 5. HP: 44/47 MP: 5/7
  2036 | D:3      | Killed from afar by an orc priest

Illustrated notes

Levels and vault maps discovered:
D:1:      minmay_arrival_widening_spiral_narrow, layout_rooms,
          nicolae_ecumenical_lake_church
D:2:      layout_rooms, uniq_jessica
D:3:      gammafunk_wand_slinger, layout_basic, nicolae_overflow_crystal_walls,
          minmay_stone_trees_small

Skill      XL: |  1  2  3  4 |
---------------+-------------+-----
Short Blades   | 1 |  1.4
Axes           | 1 |  1.4
Maces & Flails | 1 |  1.4
Polearms       | 1 |  1.4
Staves         | 1 |  1.4
Ranged Weapons | 1 |  1.4
Throwing       | 1 |  1.4
Dodging        | 1 |  1.4
Stealth        | 1 |  1.4
Unarmed Combat | 1 |  1.4
Spellcasting   | 1 |  1.4
Invocations    | 1 |  1.5
Evocations     | 1 |  1.4
Conjurations   | 1 |  1.1
Hexes          | 1 |  1.1
Summonings     | 1 |  1.1
Necromancy     | 1 |  1.1
Translocations | 1 |  1.1
Transmutations | 1 |  1.1
Fire Magic     | 1 |  1.1
Ice Magic      | 1 |  1.1
Air Magic      | 1 |  1.1
Earth Magic    | 1 |  1.1
Poison Magic   | 1 |  1.1
Fighting       | |  6.6
Long Blades    | |  4.7
Armour         | |  6.6
Shields        | |  6.6

Action                   |  1- 3 |  4- 6 || total
-------------------------+-------+-------++-------
Melee: Long sword        |    78 |    48 ||   126
       Bite              |     2 |     6 ||     8
Invok: Berserk           |     1 |       ||     1
  Use: Potion            |     3 |     2 ||     5
       Scroll            |     2 |     1 ||     3
Armor: Scale mail        |    48 |    21 ||    69
Dodge: Dodged            |    51 |    19 ||    70
Block: Buckler           |    22 |       ||    22
       Kite shield       |    28 |    34 ||    62

Table legend: (Time is in decaauts)
 A = Elapsed time spent in this place.
 B = Non-inter-level travel time spent in this place.
 C = Inter-level travel time spent in this place.
 D = Time resting spent in this place.
 E = Time spent auto-exploring this place.
 F = Levels seen in this place.
 G = Mean time per level.
                   A        B        C        D        E       F      G
               +--------+--------+--------+--------+--------+-----+--------+
         Total |   2091 |   1959 |    132 |    480 |    710 |   3 |  697.0 |
       Dungeon |   2091 |   1959 |    132 |    480 |    710 |   3 |  697.0 |
               +--------+--------+--------+--------+--------+-----+--------+

Top non-repeatable levels by time:
     D:1: 1465 daAuts
     D:2: 466 daAuts
     D:3: 159 daAuts
